 Dungeon Crawl Stone Soup version 0.21.1 (webtiles) character file.

868 Baghtru the Archer (level 7, 0/61 HPs)
             Began as a Centaur Hunter on Feb 2, 2018.
             Was an Initiate of the Shining One.
             Shot with an arrow by a centaur (14 damage)
             ... on level 6 of the Dungeon.
             The game lasted 00:13:12 (3480 turns).

Baghtru the Archer (Centaur Hunter)                 Turns: 3480, Time: 00:13:12

Health: 0/61       AC:  4    Str: 16    XL:     7   Next: 73%
Magic:  7/7        EV: 10    Int: 10    God:    the Shining One [......]
Gold:   254        SH:  0    Dex: 10    Spells: 6/6 levels left

rFire    . . .     SeeInvis .   a - +1 shortbow
rCold    . . .     Gourm    +   (shield currently unavailable)
rNeg     . . .     Faith    .   c - +0 leather armour
rPois    .         Spirit   .   (no helmet)
rElec    .         Reflect  .   (no cloak)
rCorr    .         Harm     .   (no gloves)
MR       .....                  (no barding)
Stlth    ..........             w - amulet of the gourmand
HPRegen  0.20/turn              r - ring of loudness (curse)
MPRegen  0.10/turn              (no ring)

@: glowing, very quick
A: large, hooves 3, deformed body, speed 2, tough skin 3
a: Renounce Religion


You were on level 6 of the Dungeon.
You worshipped the Shining One.
The Shining One was noncommittal.
You were hungry.

You visited 2 branches of the dungeon, and saw 7 of its levels.

You collected 254 gold pieces.

Inventory:

Hand Weapons
 a - a +1 shortbow (weapon)
 b - a +0 short sword
Missiles
 d - 67 arrows (quivered)
Armour
 c - a +0 leather armour (worn)
Jewellery
 r - a cursed ring of loudness (left hand)
 w - an amulet of the gourmand (around neck)
Scrolls
 e - 4 scrolls of teleportation {unknown}
 g - a scroll of magic mapping {unknown}
 i - a scroll of immolation {unknown}
 j - 8 scrolls of identify {unknown}
 k - 2 scrolls of blinking {unknown}
 l - 3 scrolls of remove curse {unknown}
 o - 2 scrolls of fog {unknown}
 p - a scroll of random uselessness {unknown}
 q - a scroll of noise {unknown}
 s - a scroll of enchant armour {unknown}
 v - a scroll of enchant weapon {unknown}
Potions
 h - 2 potions of degeneration {unknown}
 m - a potion of ambrosia {unknown}
 n - a potion of agility
 t - a potion of lignification {unknown}
 u - a potion of curing {unknown}
 x - a potion of might {unknown}
Comestibles
 f - 6 rations


   Skills:
 + Level 5.3 Fighting
 + Level 8.5 Bows
 + Level 0.1 Armour
 + Level 4.0 Dodging
 - Level 0.4 Stealth


You had 6 spell levels left.
You didn't know any spells.

Dungeon Overview and Level Annotations

Branches:
Dungeon (6/15)             Temple (1/1) D:5

Altars:
Ashenzari
Cheibriados
Gozag
Kikubaaqudgha
Xom
Yredelemnul
The Shining One


Innate Abilities, Weirdness & Mutations

You have hooves in place of feet.
Armour fits poorly on your strangely shaped body.
You cover ground very quickly.
You have extremely tough skin. (AC +3)


Message History

The centaur shoots an arrow.
The arrow barely misses you.
Firing (i - inventory):
d - 70 arrows (quivered)
Press: ? - help, Shift-Dir - straight line, f/p - centaur
Aim: a centaur, wielding a shortbow (lightly wounded)
You shoot an arrow. The arrow hits the centaur.
The centaur is moderately wounded.
The centaur shoots an arrow.
The arrow barely misses you.
Firing (i - inventory):
d - 69 arrows (quivered)
Press: ? - help, Shift-Dir - straight line, f/p - centaur
Aim: a centaur, wielding a shortbow (moderately wounded)
You shoot an arrow. The arrow hits the centaur.
The centaur is moderately wounded.
The centaur shoots an arrow.
The arrow hits you.
* * * LOW HITPOINT WARNING * * *
Firing (i - inventory):
d - 68 arrows (quivered)
Press: ? - help, Shift-Dir - straight line, f/p - centaur
Aim: a centaur, wielding a shortbow (moderately wounded)
You shoot an arrow. The arrow closely misses the centaur.
The centaur shoots an arrow.
The arrow hits you!
You die...

.## .(# c.#
..# .. #.
#.####
#.@..##
####.>#
##.# .
#.#######
#.#.......#
#.........#
##........#
###......#
#......#


You could see a centaur.

Vanquished Creatures
  The ghost of Paps the Covered, an amateur GrFi (D:4)
  An ice beast (D:5)
  A sky beast (D:5)
  An ogre (D:4)
  A scorpion (D:4)
  A crimson imp (D:5)
  An orc priest (D:4)
  A centaur skeleton (D:4)
  A hound (D:4)
  2 jellies
  2 orc wizards (D:3)
  3 worker ants
  5 adders
  An ooze (D:3)
  A worm (D:2)
  4 dart slugs
  4 leopard geckos
  11 orcs
  2 giant cockroaches
  6 goblins
  8 hobgoblins
  3 quokkas
  7 bats
  6 frilled lizards
  5 kobolds
  A leopard gecko skeleton (D:5)
  4 rats
84 creatures vanquished.

Notes
Turn   | Place    | Note
-------+----------+-------------------------------------------
     0 | D:1      | Baghtru the Centaur Hunter began the quest for the Orb.
     0 | D:1      | Reached XP level 1. HP: 17/17 MP: 1/1
   229 | D:1      | Reached XP level 2. HP: 24/24 MP: 2/2
   732 | D:2      | Reached XP level 3. HP: 28/30 MP: 3/3
  1137 | D:2      | You fall through a shaft for 2 floors!
  1158 | D:2      | Found a shimmering altar of Xom.
  1265 | D:3      | Reached skill level 6 in Bows
  1423 | D:3      | Found a basalt altar of Yredelemnul.
  1491 | D:3      | Reached XP level 4. HP: 38/38 MP: 4/4
  1570 | D:3      | Reached XP level 5. HP: 26/45 MP: 5/5
  2118 | D:4      | Noticed Paps's ghost (amateur GrFi)
  2199 | D:4      | Killed Paps's ghost
  2199 | D:4      | Reached skill level 7 in Bows
  2277 | D:4      | Reached XP level 6. HP: 43/52 MP: 6/6
  2365 | D:4      | Found a snail-covered altar of Cheibriados.
  2815 | D:4      | Reached XP level 7. HP: 50/60 MP: 7/7
  2860 | D:5      | Entered Level 5 of the Dungeon
  2946 | D:5      | Reached skill level 8 in Bows
  2960 | D:5      | HP: 1/60 [sky beast (5)]
  2961 | D:5      | Reached skill level 5 in Fighting
  3056 | D:5      | HP: 3/61 [orc/flail (3)]
  3232 | D:5      | Found a staircase to the Ecumenical Temple.
  3237 | Temple   | Entered the Ecumenical Temple
  3308 | Temple   | Became a worshipper of the Shining One
  3480 | D:6      | Shot with an arrow by a centaur

Skill      XL: |  1  2  3  4  5  6  7 |
---------------+----------------------+-----
Dodging        | 2 3 4 |  4.0
Bows           | 6 7 8 |  8.5
Fighting       | 3 4 5 |  5.3
Armour         | |  0.1
Stealth        | |  0.4

Action                   |  1- 3 |  4- 6 |  7- 9 || total
-------------------------+-------+-------+-------++-------
 Fire: Shortbow          |   121 |   141 |    74 ||   336
  Eat: Chunk             |       |     3 |     1 ||     4
Armor: Leather armour    |    12 |    10 |    12 ||    34
Dodge: Dodged            |    20 |    18 |     8 ||    46
